 Dungeon Crawl Stone Soup version 0.19.5 (webtiles) character file.

111 equalderp2856 the Skirmisher (level 4, 0/35 HPs)
             Began as a Mummy Fighter on Mar 30, 2017.
             Slain by a crocodile (8 damage)
             ... in a sewer.
             The game lasted 00:03:48 (1989 turns).

equalderp2856 the Skirmisher (Mummy Fighter)        Turns: 1989, Time: 00:03:49

Health: 0/35       AC:  6    Str: 20    XL:     4   Next: 62%
Magic:  4/4        EV:  8    Int:  7    God:
Gold:   111        SH:  9    Dex: 11    Spells: 0 memorised, 3 levels left

rFire  . . .     SeeInvis .     a - +0 long sword
rCold  + . .     Gourm    .     d - +1 ring mail {rF+}
rNeg   + + +     Faith    .     c - +0 shield
rPois  ∞         Spirit   .     (no helmet)
rElec  .         Reflect  .     (no cloak)
rCorr  .         Harm     .     (no gloves)
MR     .....                    (no boots)
Stlth  +.........               (no amulet)
                                (no ring)
                                (no ring)

@: no status effects
A: no food or potions, fire vulnerability, cold resistance 1, negative energy
resistance 3, torment resistance, unbreathing
a: no special abilities


You were in a sewer.
You were not hungry.

You visited 1 branch of the dungeon, and saw 3 of its levels.
You also visited: Sewer.

You collected 111 gold pieces.

Inventory:

Hand Weapons
 a - a +0 long sword (weapon)
 j - a +2 dagger of venom
Armour
 b - a +0 scale mail
 c - a +0 shield (worn)
 d - a +1 ring mail of fire resistance (worn)
 i - a +0 robe
Scrolls
 e - a scroll of random uselessness {unknown}
 f - 2 scrolls of identify {unknown}
 g - a scroll of enchant armour {unknown}
 h - 2 scrolls of remove curse {unknown}


   Skills:
 + Level 3.2 Fighting
 + Level 2.5 Long Blades
 + Level 2.8 Armour
 + Level 1.3 Dodging
 + Level 3.1 Shields


You had 3 spell levels left.
You didn't know any spells.

Dungeon Overview and Level Annotations

Branches:
Dungeon (3/15)

Altars:
Kikubaaqudgha


Innate Abilities, Weirdness & Mutations

You do not eat or drink.
Your flesh is vulnerable to fire.
You are immune to poison.
Your flesh is cold resistant. (rC+)
You are immune to negative energy. (rN+++)
You are immune to unholy pain and torment.
You can survive without breathing.


Message History

You block the crocodile's attack.
You see here a fuming inky potion.
You hit the crocodile.
The crocodile is moderately wounded.
The crocodile closely misses you. x2
You slash the crocodile!
The crocodile is heavily wounded.
Your surroundings suddenly seem different.
You now have 74 gold pieces (gained 8).
h - 2 scrolls labeled QUUQEI GOLEXYN (gained 1)
You see here a ring mail.
You see here 31 sling bullets.
You now have 84 gold pieces (gained 10).
You now have 95 gold pieces (gained 11).
e - a scroll labeled EBAMUSMEMNO You now have 111 gold pieces (gained 16).
You see here a ring mail.
You block the crocodile's attack. The crocodile bites you!
You die...

#######
##..[(.##
#.......#
#.......#
#.t.....#
#.@.....#
#.......#
##.....##
###.### ######
#.# ##..... #.#
##...≈.†
#.#######...≈≈≈.
#..........≈≈≈≈≈
#.#######...≈≈≈.


You could see a crocodile.

Vanquished Creatures
  Ijyb (D:2)
  4 adders
  3 worms
  A dart slug (D:2)
  A leopard gecko (D:2)
  9 bats
  2 giant cockroaches (D:2)
  7 hobgoblins
  2 jackals (D:2)
  2 kobolds (D:2)
  A ball python (D:2)
  2 frilled lizards (D:1)
  3 goblins
  3 rats
41 creatures vanquished.

Notes
Turn   | Place    | Note
-------+----------+-------------------------------------------
     0 | D:1      | equalderp2856 the Mummy Fighter began the quest for the Orb.
     0 | D:1      | Reached XP level 1. HP: 18/18 MP: 1/1
   411 | D:1      | Reached XP level 2. HP: 24/24 MP: 2/2
   822 | D:2      | Reached XP level 3. HP: 19/29 MP: 3/3
  1063 | D:2      | Noticed Ijyb
  1093 | D:2      | Killed Ijyb
  1093 | D:2      | Reached skill level 1 in Dodging
  1093 | D:2      | Reached XP level 4. HP: 22/35 MP: 4/4
  1832 | D:3      | Found an ancient bone altar of Kikubaaqudgha.
  1873 | D:3      | Found a glowing drain.
  1898 | Sewer    | Entered a sewer
  1938 | Sewer    | Noticed a crocodile
  1989 | Sewer    | Slain by a crocodile

Skill      XL: |  1  2  3 |
---------------+----------+-----
Long Blades    | 2 |  2.5
Dodging        | 1 |  1.3
Shields        | 3 |  3.1
Fighting       | |  3.2
Armour         | |  2.8

Action                   |  1- 3 |  4- 6 || total
-------------------------+-------+-------++-------
Melee: Long sword        |   125 |    74 ||   199
  Use: Scroll            |       |     1 ||     1
Armor: Scale mail        |    16 |       ||    16
       Ring mail         |    56 |    39 ||    95
Dodge: Dodged            |    54 |    42 ||    96
Block: Shield            |    89 |    45 ||   134
       Rpst.: Long sword |    19 |    11 ||    30
